 Dungeon Crawl Stone Soup version 0.28.0-53-g5a82cb258f (webtiles) character file.

Game seed: 1861236168219046268

1908 Peedeoo7 the Ruffian (level 8, -11/66 HPs)
             Began as a Red Draconian Transmuter on June 2, 2022.
             Was an Elder of Jiyva.
             Mangled by Joseph
             ... wielding a +0 quarterstaff
              (19 damage)
             ... on level 8 of the Dungeon.
             The game lasted 00:32:56 (3906 turns).

Peedeoo7 the Ruffian (Red Draconian Transmuter)     Turns: 3906, Time: 00:32:57

Health: -11/66     AC:  9    Str: 20    XL:     8   Next: 94%
Magic:  10/15      EV: 16    Int: 13    God:    Jiyva [****..]
Gold:   189        SH:  0    Dex: 13    Spells: 13/16 levels left

rFire   + . .      SeeInvis .     - Unarmed
rCold   . . .      Faith    .   (no shield)
rNeg    . . .      Spirit   .   (armour unavailable)
rPois   .          Reflect  .   (helmet restricted)
rElec   .          Harm     .   (no cloak)
rCorr   +          Rampage  .   (no gloves)
Will    +....                   (no boots)
Stlth   ++........              (no amulet)
HPRegen 1.49/turn               b - ring of willpower
MPRegen 0.54/turn               h - ring of flight

@: short of breath, slimy, calling ooze, flying
A: breathe fire, AC +6, unfitting armour, fire resistance 1, cold-blooded, big
wings, agile 1, strong 2, gelatinous body 3, jelly absorbing missiles
a: Breathe Fire, Renounce Religion, Oozemancy, Slimify


You were on level 8 of the Dungeon.
You worshipped Jiyva.
Jiyva was greatly pleased with you.
You visited 2 branches of the dungeon, and saw 9 of its levels.

You collected 189 gold pieces.

Inventory:

Missiles
 c - 53 sling bullets
 e - 142 stones (quivered)
Jewellery
 b - a ring of willpower (left hand)
 h - a ring of flight (right hand)
Wands
 f - a wand of flame (2)
 g - a wand of polymorph (16)
 j - a wand of iceblast (8)
Scrolls
 a - a scroll of fear
 d - 3 scrolls of identify
 i - a scroll of magic mapping
 m - a scroll of fog {unknown}
 n - a scroll of enchant weapon {unknown}
 q - a scroll of teleportation {unknown}
Potions
 k - 2 potions of haste {unknown}
 l - a potion of attraction {unknown}
 o - a potion of degeneration {unknown}
 p - a potion of flight {unknown}
 r - a potion of curing {unknown}


   Skills:
 * Level 3.9 Fighting
 + Level 0.1 Throwing
 + Level 5.0 Dodging
 + Level 1.1 Stealth
 + Level 7.6 Unarmed Combat
 + Level 4.8 Spellcasting
 + Level 4.4 Transmutations
 + Level 1.2 Evocations


You had 13 spell levels left.
You knew the following spells:

 Your Spells              Type           Power      Damage    Failure   Level
a - Beastly Appendage     Tmut           28%        N/A       3%          1
b - Wereblood             Tmut           14%        N/A       4%          2

Your spell library contained the following spells:

 Spells                   Type           Power      Damage    Failure   Level
 Spider Form              Tmut/Pois      8%         N/A       22%         3
 Ice Form                 Ice/Tmut       8%         N/A       58%         4


Dungeon Overview and Level Annotations

Branches:
Dungeon (8/15)             Temple (1/1) D:5
   Lair: D:8-11

Altars:
Ashenzari
Cheibriados
Dithmenos
Fedhas
Gozag
Hepliaklqana
Kikubaaqudgha
Makhleb
Nemelex Xobeh
Okawaru
Qazlal
Ru
Sif Muna
Uskayaw
Vehumet
Wu Jian
Xom
Yredelemnul
Zin
The Shining One
Jiyva

Shops:
D:4 [

Annotations:
D:4 Pikel
D:7 exclusion: ice statue
D:8 Joseph


Innate Abilities, Weirdness & Mutations

You can breathe blasts of fire.
Your fiery red scales are hard. (AC +6)
You cannot fit into any form of body armour.
Your flesh is heat resistant. (rF+)
You are cold-blooded and may be slowed by cold attacks.
Your large and strong wings let you fly.
You are agile. (Dex +2)
Your muscles are very strong. (Str +4)
Your gelatinous body deflects attacks. (AC +3, EV +3)
You have a small jelly attached to you that may absorb projectiles.


Message History

The orc moves out of view.
An orc comes into view. It is wielding a +0 club.
An orc comes into view. It is wielding a +0 falchion.
Activating: Oozemancy (1% risk of failure)
Press: ? - help, Dir - look around, f - activate
Okay, then.
Aiming: Breathe Fire (4% risk of failure)
Press: ? - help, Shift-Dir - straight line, f - orc priest
Aim: an orc priest, wielding a +0 hand axe and wearing a +0 leather armour (wandering, hasn't noticed you, 68% to hit)
You breathe a blast of fire.
The fiery breath hits the orc priest.
The orc priest is moderately wounded.
The orc priest shouts!
The orc priest is engulfed in blazing flames.
You kill the orc priest!
The orc shouts!
Okay, then.
Joseph shoots a sling bullet.
The sling bullet hits you!
Joseph shoots a sling bullet.
The sling bullet hits you!!
You shudder from the blast and a jelly pops out!
Activating: Oozemancy (1% risk of failure)
Press: ? - help, Dir - look around, f - activate Slime begins to ooze from the nearby walls!
The wall burns Joseph!
Joseph shoots a sling bullet.
The sling bullet closely misses you. A thick mucus forms on your hands.
You will no longer expel jellies when injured.
The wall burns Joseph!
Joseph shoots a sling bullet.
The sling bullet closely misses you.
The wall burns Joseph!
Joseph shoots a sling bullet.
The sling bullet hits you.
The wall burns Joseph!
Joseph shoots a sling bullet.
The sling bullet hits you!!
The wall burns Joseph!
Joseph unwields a +4 hunting sling.
Joseph wields a +0 quarterstaff.
Joseph hits you with a +0 quarterstaff!!
* * * LOW HITPOINT WARNING * * *
You barely miss Joseph. You tail-slap Joseph.
Joseph is moderately wounded.
The wall burns Joseph!
Joseph hits you with a +0 quarterstaff!!
You die...

############
#.o.....J@)#
#oo).########@#
..# #.# #.#
#.########
#........#
########@# #.#
######### #.#


You could see Joseph (ally target), an orc and a friendly azure jelly
(summoned).

Vanquished Creatures
  A troll (D:5)
  A water moccasin (D:6)
  2 black bears (D:5)
  2 ice beasts
  4 ogres
  A necrophage (D:5)
  A lemure (D:5)
  A bullfrog (D:8)
  2 scorpions
  3 centaur zombies
  4 orc priests
  2 centaur skeletons (D:7)
  5 hounds
  A bullfrog skeleton (D:6)
  An orc wizard (D:3)
  Ijyb (D:3)
  A hound skeleton (D:4)
  Robin (D:3)
  A howler monkey skeleton (D:7)
  7 adders
  A shadow imp (D:5)
  A white imp (D:5)
  An ufetubus (D:5)
  2 adder skeletons (D:4)
  2 worms (D:3)
  3 dart slugs
  15 orcs
  4 ball pythons
  A giant cockroach (D:2)
  12 goblins
  3 hobgoblins (D:3)
  4 jackals (D:1)
  5 quokkas
  3 bats
  3 frilled lizards
  3 kobolds
  A rat (D:1)
106 creatures vanquished.

Vanquished Creatures (others)
  A necrophage (D:5)
  An ogre (D:6)
  A phantom (D:5)
  A bullfrog (D:6)
  2 scorpions (D:5)
  13 jellies
  A bullfrog zombie (D:6)
  A hound (D:6)
  2 bullfrog skeletons (D:6)
  An iguana (D:6)
  2 shadow imps
  A white imp (D:6)
  2 worms
  A dart slug (D:2)
  3 orcs (D:6)
  2 endoplasms
  A giant cockroach (D:2)
  2 goblins (D:2)
  2 hobgoblins (D:2)
  A quokka (D:3)
  A ball python (D:2)
  2 bats (D:2)
  2 frilled lizards (D:2)
  3 kobolds
  10 plants
59 creatures vanquished.

Grand Total: 165 creatures vanquished

Notes
Turn   | Place    | Note
-------+----------+-------------------------------------------
     0 | D:1      | Peedeoo7 the Draconian Transmuter began the quest for the
                  | Orb.
     0 | D:1      | Reached XP level 1. HP: 16/16 MP: 3/3
    90 | D:1      | Found a faded altar of an unknown god.
   108 | D:1      | Reached XP level 2. HP: 19/23 MP: 3/5
   124 | D:1      | Prayed at the altar of an unknown god.
   124 | D:1      | Became a worshipper of Jiyva Jaaraist the Shapeless
   124 | D:1      | Reached * piety under Jiyva
   531 | D:2      | Reached ** piety under Jiyva
   545 | D:2      | Reached XP level 3. HP: 26/28 MP: 6/6
  1120 | D:2      | Learned a level 2 spell: Wereblood
  1185 | D:3      | Noticed Ijyb
  1214 | D:3      | Killed Ijyb
  1215 | D:3      | Reached XP level 4. HP: 35/35 MP: 7/7
  1398 | D:3      | Reached skill level 4 in Unarmed Combat
  1601 | D:3      | Reached *** piety under Jiyva
  1666 | D:3      | Noticed Robin
  1679 | D:3      | Killed Robin
  1680 | D:3      | Reached XP level 5. HP: 40/40 MP: 9/9
  1697 | D:3      | Found a stormy altar of Qazlal.
  1873 | D:3      | Gained mutation: You have a small jelly attached to you
                  | that may absorb projectiles. [Jiyva's grace]
  1873 | D:3      | Gained mutation: Your muscles are strong. (Str +2) [Jiyva's
                  | grace]
  1873 | D:3      | Gained mutation: Your muscles are very strong. (Str +4)
                  | [Jiyva's grace]
  1873 | D:3      | Gained mutation: You are agile. (Dex +2) [Jiyva's grace]
  1980 | D:4      | Reached skill level 5 in Unarmed Combat
  2002 | D:4      | Reached XP level 6. HP: 45/47 MP: 10/10
  2056 | D:4      | Noticed Pikel
  2136 | D:5      | Entered Level 5 of the Dungeon
  2226 | D:5      | Reached **** piety under Jiyva
  2237 | D:5      | Found a staircase to the Ecumenical Temple.
  2260 | Temple   | Entered the Ecumenical Temple
  2405 | D:5      | Your scales start taking on a fiery red colour.
  2405 | D:5      | Reached XP level 7. HP: 28/52 MP: 12/12
  2405 | D:5      | Gained mutation: Your flesh is heat resistant. (rF+) [Red
                  | Draconian growth]
  2419 | D:5      | Reached skill level 6 in Unarmed Combat
  2462 | D:5      | Found a shimmering altar of Xom.
  2858 | D:6      | Found a snail-covered altar of Cheibriados.
  2873 | D:6      | Noticed a troll
  2879 | D:6      | Reached XP level 8. HP: 61/61 MP: 14/14
  2942 | D:5      | Killed a troll
  2967 | D:4      | Found Jusse's Antique Armour Shoppe.
  2991 | D:6      | Reached skill level 7 in Unarmed Combat
  3002 | D:6      | Reached skill level 1 in Evocations
  3050 | D:6      | Identified the +1 leather armour of the Farmer {rF- rCorr
                  | Dex+4}
  3157 | D:6      | Found a glowing golden altar of the Shining One.
  3211 | D:6      | Reached skill level 1 in Stealth
  3295 | D:7      | Reached ***** piety under Jiyva
  3295 | D:7      | Lost mutation: You have a pair of horns on your head.
                  | [Jiyva's grace]
  3295 | D:7      | Lost mutation: You have a pair of small horns on your head.
                  | [Jiyva's grace]
  3295 | D:7      | Gained mutation: Your rubbery body absorbs attacks. (AC +1,
                  | EV +1) [Jiyva's grace]
  3295 | D:7      | Gained mutation: Your pliable body absorbs attacks. (AC +2,
                  | EV +2) [Jiyva's grace]
  3295 | D:7      | Gained mutation: Your gelatinous body deflects attacks. (AC
                  | +3, EV +3) [Jiyva's grace]
  3295 | D:7      | Gained mutation: Your large and strong wings let you fly.
                  | [Jiyva's grace]
  3441 | D:7      | Noticed an ice statue
  3463 | D:7      | Found an ornate altar of the Wu Jian Council.
  3766 | D:7      | Reached skill level 5 in Dodging
  3877 | D:8      | Noticed Joseph
  3906 | D:8      | Mangled by Joseph

Illustrated notes

Levels and vault maps discovered:
D:1:      dpeg_arrival_tiny_c, layout_basic,
          shapermc_ecumenical_altar_notcrosses
D:2:      kennysheep_big_flooded_room, layout_loops_ring, minmay_pentomino_x2
D:3:      layout_loops_ring, grunt_qazlal_sundering, kennysheep_generic_room_9,
          uniq_ijyb, uniq_robin
D:4:      kennysheep_kobold_camp, layout_cave_pools, serial_shops,
          nicolae_take_the_stairs, grunt_ministairs_9, uniq_pikel
D:5:      layout_rooms, xom_confusion_cloud, minmay_temple_entry_overgrown,
          kennysheep_cross_bottleneck, minivault_23, kennysheep_nondescript,
          minivault_25, serial_park_tiny_pond
D:6:      cheibrodos_helix_gallery, layout_basic, mainiacjoe_overflow_alcove_4,
          nicolae_tso_carved_into_rock
D:7:      lemuel_ice_statue, layout_rooms, nicolae_wu_jian_wuxing_cycle
D:8:      layout_loops_ring, serial_shops, nicolae_shop_crystal, uniq_joseph
Temple:   regret_index_temple_waves

Skill      XL: |  1  2  3  4  5  6  7  8 |
---------------+-------------------------+-----
Dodging        | 2 3 5 |  5.0
Unarmed Combat | 4 5 6 7 |  7.6
Spellcasting   | 3 4 |  4.8
Transmutations | 3 4 |  4.4
Fighting       | 2 3 |  3.9
Evocations     | 1 |  1.2
Stealth        | 1 |  1.1
Throwing       | |  0.1

Action                   |  1- 3 |  4- 6 |  7- 9 || total
-------------------------+-------+-------+-------++-------
Melee: Unarmed           |    72 |   174 |   123 ||   369
       Headbutt          |    10 |    23 |    16 ||    49
       Kick              |    14 |    35 |    27 ||    76
       Tailslap          |     8 |    28 |    12 ||    48
       Punch             |     2 |     2 |    12 ||    16
Throw: Stone             |       |       |     8 ||     8
 Cast: Beastly Appendage |    16 |    22 |    18 ||    56
       Wereblood         |       |     3 |       ||     3
Invok: Oozemancy         |       |       |     2 ||     2
       Slimify           |       |       |     1 ||     1
 Abil: Breathe Fire      |       |       |     9 ||     9
Evoke: Wand              |     7 |       |     6 ||    13
  Use: Scroll            |       |     2 |       ||     2
Armor: Skin              |    22 |    55 |    41 ||   118
Dodge: Dodged            |    36 |   109 |   100 ||   245
